 Dungeon Crawl Stone Soup version 0.18-a0-1285-g60d00e1 (webtiles) character file.

553 M4edhros the Sneak (level 7, -6/43 HPs)
             Began as an Octopode Artificer on Feb 8, 2016.
             Mangled by Fury's ghost (17 damage)
             ... on level 5 of the Dungeon.
             The game lasted 00:08:50 (4772 turns).

M4edhros the Sneak (Octopode Artificer)             Turns: 4772, Time: 00:08:50

Health: -6/43      AC:  1    Str: 15    XL:     7   Next: 29%
Magic:  10/10      EV: 15    Int: 17    God:    Xom [....*.]
Gold:   290        SH: 12    Dex: 17    Spells: 0 memorised, 6 levels left

rFire  . . .     SeeInvis .     p - +2 dagger (chaos)
rCold  . . .     Gourm    +     a - +0 large shield
rNeg   . . .     Faith    .     (helmet restricted)
rPois  .         Spirit   .     y - amulet of the gourmand
rElec  .         Dismiss  .     k - +3 ring of slaying
rCorr  .         Reflect  .     (no ring)
SustAt .         Harm     .     (no ring)
MR     .....                    (no ring)
Stlth  ++++++....               (no ring)
                                (no ring)
                                (no ring)
                                (no ring)

@: mighty, agile, not resistant to hostile enchantments, very stealthy
A: almost no armour, amphibious, 8 rings, constrict 8, camouflage 1, gelatinous
body 1
a: Renounce Religion


You were on level 5 of the Dungeon.
You worshipped Xom.
You were a beloved toy of Xom.
You were very full.

You visited 1 branch of the dungeon, and saw 5 of its levels.

You collected 290 gold pieces.

Inventory:

Hand Weapons
 g - a +2 dagger of draining
 p - a +2 dagger of chaos (weapon)
 C - a +0 hunting sling of flaming
Missiles
 n - 50 stones (quivered)
Armour
 a - a +0 large shield (worn)
 x - a +0 buckler
Jewellery
 k - a +3 ring of slaying (left tentacle)
 y - an amulet of the gourmand (around mantle)
Wands
 b - a wand of flame (12/48)
 c - a wand of enslavement (10/24)
 d - a wand of random effects (11/48)
Scrolls
 e - 3 scrolls of teleportation {unknown}
 h - 7 scrolls of identify {unknown}
 i - a scroll of enchant weapon {unknown}
 j - 3 scrolls of remove curse {unknown}
 r - 2 scrolls of magic mapping {unknown}
 t - 4 scrolls of recharging {unknown}
 u - a scroll of noise {unknown}
 w - a scroll of fog {unknown}
 A - a scroll of random uselessness {unknown}
 B - a scroll of fear {unknown}
 D - 3 scrolls of amnesia {unknown}
Potions
 l - a potion of brilliance
 q - a potion of cure mutation {unknown}
 v - 2 potions of degeneration {unknown}
 z - a potion of ambrosia {unknown}
Comestibles
 f - 4 bread rations
 o - 2 meat rations
 s - 7 fruits


   Skills:
 - Level 1.0 Fighting
 - Level 1.0 Short Blades
 + Level 4.6 Dodging
 + Level 6.7 Stealth
 * Level 1.3 Shields
 + Level 5.2 Evocations


You had 6 spell levels left.
You didn't know any spells.

Dungeon Overview and Level Annotations

Branches:
Dungeon (5/15)
 Temple: D:4-7

Altars:
Dithmenos
Kikubaaqudgha
Makhleb
Pakellas
Ru
Xom
Yredelemnul
The Shining One

Annotations:
D:5 Fury's ghost, novice DsFi


Innate Abilities, Weirdness & Mutations

You cannot wear most types of armour.
You are amphibious.
You can wear up to eight rings at the same time.
You can use your tentacles to constrict eight enemies at once.
Your skin changes colour to match your surroundings (Stealth).
Your rubbery body absorbs attacks (AC +1).


Message History

The giant frog gives a loud, deep croak!
The giant frog resists with significant effort.
This wand has 12 charges left.
The giant frog misses you. You block Fury's ghost's attack.
The giant frog closely misses you.
Evoke which item? (* to show all) (? for menu, Esc to quit)
Zapping:
c - a wand of enslavement (12/24)
Press: ? - help, Shift-Dir - straight line, f/p - Fury's ghost
Aim: Fury's ghost, wielding a weapon of flaming (heavily damaged, chance to defeat MR: 28%)
The giant frog resists with significant effort.
This wand has 11 charges left.
The giant frog hits you.
* * * LOW HITPOINT WARNING * * *
You block Fury's ghost's attack.
Evoke which item? (* to show all) (? for menu, Esc to quit)
Zapping:
c - a wand of enslavement (11/24)
Press: ? - help, Shift-Dir - straight line, f/p - Fury's ghost
Aim: Fury's ghost, wielding a weapon of flaming (heavily damaged, chance to defeat MR: 28%)
The giant frog is charmed.
This wand has 10 charges left.
Fury's ghost hits you!
You die...
Xom cackles wildly!

#.#.....8.>.#.#....[..##
#.###.......#.........# #.#
##8.>.8##.........#
#####.#####...##...###..###
#.......<#######...###..####
#......>.# #O#.##.......
#........# #........####
#........#######........#
#<........F@WO...###....#
#....)...#######.# #....#
#........# ##..# #....#
#.)......# ###...# #....#
#........# #...#.# #....#
#........# #...#.# #....####
############.....###........
########...............#.#####
##....[...........#######.#


You could see an ogre, Fury's ghost and a friendly giant frog.

Vanquished Creatures
  Grinder (D:4)
  A crimson imp (D:5)
  An iguana (D:4)
  2 orc wizards
  3 worker ants (D:5)
  6 adders
  An ooze (D:3)
  4 worms
  6 giant geckos
  11 orcs
  6 giant cockroaches
  12 goblins
  5 hobgoblins
  8 jackals
  4 kobolds
  3 quokkas
  A ball python (D:2)
  4 bats
  5 giant newts
  4 rats
88 creatures vanquished.

Vanquished Creatures (collateral kills)
  4 orcs (D:3)
  A giant cockroach (D:3)
5 creatures vanquished.

Grand Total: 93 creatures vanquished

Notes
Turn   | Place    | Note
--------------------------------------------------------------
     0 | D:1      | M4edhros the Octopode Artificer began the quest for the Orb.
     0 | D:1      | Reached XP level 1. HP: 13/13 MP: 3/3
   103 | D:1      | Reached XP level 2. HP: 4/18 MP: 4/4
   830 | D:2      | Reached XP level 3. HP: 14/23 MP: 5/5
   831 | D:2      | Reached skill level 4 in Evocations
   988 | D:2      | Found a basalt altar of Yredelemnul.
   997 | D:2      | Found a glowing golden altar of the Shining One.
  1178 | D:2      | Reached XP level 4. HP: 28/28 MP: 7/7
  1240 | D:2      | Found an oddly glowing altar of Pakellas.
  1498 | D:2      | Noticed an angel
  1682 | D:3      | Reached XP level 5. HP: 18/33 MP: 8/8
  1691 | D:3      | Found a shadowy altar of Dithmenos.
  1966 | D:3      | Found an ancient bone altar of Kikubaaqudgha.
  2568 | D:4      | Noticed Grinder
  2571 | D:4      | Reached skill level 5 in Stealth
  2940 | D:4      | Reached XP level 6. HP: 36/38 MP: 9/9
  3319 | D:5      | Entered Level 5 of the Dungeon
  3319 | D:5      | Noticed Fury's ghost (novice DsFi)
  3359 | D:4      | Killed Grinder
  3359 | D:4      | Reached skill level 6 in Stealth
  3359 | D:4      | Reached skill level 5 in Evocations
  3359 | D:4      | Reached XP level 7. HP: 19/43 MP: 10/10
  4182 | D:5      | Reached skill level 1 in Shields
  4568 | D:5      | Found a sacrificial altar of Ru.
  4616 | D:5      | Found a shimmering altar of Xom.
  4616 | D:5      | Found a burning altar of Makhleb.
  4628 | D:5      | Became a worshipper of Xom of Chaos
  4700 | D:5      | XOM: potion effect (might)
  4760 | D:5      | XOM: potion effect (agility)
  4772 | D:5      | Mangled by Fury's ghost

Vault maps used:
D:1:      lemuel_arrival_funnel, serial_forest, infiniplex_forest_clump_curved,
          infiniplex_forest_corner_1, infiniplex_forest_straight_4,
          infiniplex_forest_lined_3, infiniplex_forest_end_1,
          infiniplex_forest_lined_corner, st_stairs_11
D:2:      grunt_temple_overflow_holy_war, grunt_pakellas_basics
D:3:      overflow_temple_1_default, st_stairs_3,
          nicolae_dithmenos_shadow_blocks
D:4:      uniq_grinder
D:5:      grunt_temple_overflow_champion_of_chaos, first_bread, basic_altar,
          grunt_ministairs_7

Action                   |  1- 3 |  4- 6 |  7- 9 || total
-------------------------+-------+-------+-------++-------
Melee: Short sword       |    14 |       |       ||    14
       Dagger            |    34 |    75 |    27 ||   136
Evoke: Wand              |     1 |     5 |     6 ||    12
  Use: Potion            |       |     2 |     1 ||     3
 Stab: Sleeping          |     4 |    12 |     1 ||    17
       Distracted        |       |     1 |       ||     1
  Eat: Chunk             |       |    24 |     4 ||    28
